 Dungeon Crawl Stone Soup version 0.27-a0-124-g19cb506db8 (webtiles) character file.

Game seed: 13868972124662357479

248 tsouns the Sneak (level 5, -1/28 HPs)
             Began as a Spriggan Gladiator on Jan 26, 2021.
             Was an Initiate of Fedhas.
             Hit by a javelin thrown by a centaur (13 damage)
             ... in a bailey.
             The game lasted 00:07:34 (3841 turns).

tsouns the Sneak (Spriggan Gladiator)               Turns: 3841, Time: 00:07:35

Health: -1/28      AC:  6    Str: 10    XL:     5   Next: 86%
Magic:  6/6        EV: 20    Int: 10    God:    Fedhas [......]
Gold:   134        SH:  0    Dex: 18    Spells: 4/4 levels left

rFire    . . .     SeeInvis +   a - +0 rapier
rCold    . . .     Faith    .   (shield restricted)
rNeg     . . .     Spirit   .   b - +0 robe
rPois    .         Reflect  .   c - +1 hat
rElec    .         Harm     .   t - +2 cloak
rCorr    .         Rampage  .   (gloves unavailable)
Will     .....                  (boots unavailable)
Stlth    +++.......             (no amulet)
HPRegen  0.09/turn              (no ring)
MPRegen  0.10/turn              (no ring)

@: very quick
A: very small, unfitting armour, see invisible, speed 3
a: Renounce Religion


You were in a bailey.
You worshipped Fedhas.
Fedhas was noncommittal.
You visited 1 branch of the dungeon, and saw 5 of its levels.
You also visited: Bailey.

You collected 134 gold pieces.

Inventory:

Hand Weapons
 a - a +0 rapier (weapon)
 k - a +3 whip of venom
 q - a +1 trident of protection
Missiles
 d - 3 throwing nets
 f - 7 boomerangs
 n - 24 poisoned darts (quivered)
Armour
 b - a +0 robe (worn)
 c - a +1 hat (worn)
 t - a +2 cloak (worn)
Scrolls
 h - 3 scrolls of remove curse
 l - a scroll of teleportation
Potions
 e - a potion of haste {unknown}
 g - 2 potions of heal wounds {unknown}
 m - a potion of curing {unknown}
 p - a potion of lignification {unknown}
 r - a potion of mutation {unknown}
 s - 2 potions of magic {unknown}


   Skills:
 + Level 3.2 Fighting
 + Level 4.9 Short Blades
 - Level 2.0 Throwing
 + Level 4.4 Dodging
 + Level 5.1 Stealth


You had 4 spell levels left.
You didn't know any spells.
Your spell library was empty.

Dungeon Overview and Level Annotations

Branches:
Dungeon (7/15)             Temple (0/1) D:4          Bailey (1/1)

Altars:
Elyvilon
Fedhas
Ru
Yredelemnul


Innate Abilities, Weirdness & Mutations

You are very small and have problems with some larger weapons.
You are too small for most types of armour.
You have supernaturally acute eyesight. (SInv)
You cover ground extremely quickly.


Message History

The centaur is lightly wounded.
The centaur throws a javelin.
The javelin completely misses you.
The centaur throws a javelin.
The javelin closely misses you.
Unknown command.
Throw: 25 darts (poison)
Press: ? - help, Q - select action, (/) - cycle Shift-Dir - straight line, f/p - centaur
Aim: a centaur, wielding a -3 halberd, wearing a +0 ring mail and quivering javelins (lightly wounded, very poisoned, 77% to hit)
You throw a poisoned dart. The poisoned dart hits the centaur.
The centaur looks even sicker.
The centaur is lightly wounded.
An orc comes into view. It is wielding a +0 trident.
The centaur throws a javelin.
The javelin pierces through you!
Unknown command.
An orc and a centaur come into view.
The centaur throws a javelin.
The javelin completely misses you.
There is a gate leading back out of this place here.
The orc shouts!
The centaur shouts!
The centaur throws a javelin.
The javelin pierces through you!
You die...
Fedhas appreciates your contribution to the ecosystem.

##≈≈⌠$.$.$⌠≈≈##
≈≈≈.o..c....≈≈≈
.....≈≈≈≈≈.....
....≈≈...≈≈....
.≈.≈≈.≈.≈.≈≈.≈.
≈≈.≈.≈≈.≈≈.≈.≈≈
≈.≈≈.≈...≈.≈≈.≈
≈.≈.≈≈.@.≈≈.≈.≈
≈o≈.≈.⌠∩⌠.≈.≈.≈
≈.≈.≈..∩..≈.≈.≈
≈.≈.≈.⌠∩⌠.≈.≈.≈
≈.≈.≈≈...≈≈.≈.≈
≈.≈≈.≈...≈.≈≈.≈
≈≈o≈.≈≈≈≈≈.≈o≈≈
o≈.≈≈.oc..≈≈o≈.
o≈≈.≈≈≈(≈≈≈.≈≈.


You could see 2 centaurs and 7 orcs.

Vanquished Creatures
  An ogre (D:3)
  An orc wizard (D:3)
  2 adders
  6 worms
  A dart slug (D:2)
  3 leopard geckos
  8 orcs (D:3)
  2 ball pythons (D:1)
  7 bats
  4 giant cockroaches
  10 goblins
  10 hobgoblins
  8 jackals
  7 kobolds
  3 frilled lizards
  A jackal zombie (D:7)
  7 rats
81 creatures vanquished.

Notes
Turn   | Place    | Note
-------+----------+-------------------------------------------
     0 | D:1      | tsouns the Spriggan Gladiator began the quest for the Orb.
     0 | D:1      | Reached XP level 1. HP: 10/10 MP: 2/2
    69 | D:1      | Reached skill level 1 in Stealth
   245 | D:1      | Reached XP level 2. HP: 15/15 MP: 3/3
   585 | D:1      | Reached skill level 2 in Stealth
  1109 | D:2      | Reached XP level 3. HP: 8/18 MP: 4/4
  1782 | D:2      | Reached skill level 3 in Stealth
  1970 | D:2      | Reached XP level 4. HP: 14/23 MP: 5/5
  2386 | D:2      | Found a basalt altar of Yredelemnul.
  2523 | D:2      | Found a white marble altar of Elyvilon.
  3033 | D:3      | Found a sacrificial altar of Ru.
  3033 | D:3      | Noticed an ogre
  3060 | D:3      | Killed an ogre
  3061 | D:3      | Reached skill level 4 in Stealth
  3061 | D:3      | Reached XP level 5. HP: 28/28 MP: 6/6
  3310 | D:3      | Found a blossoming altar of Fedhas.
  3373 | D:3      | Became a worshipper of Fedhas Madash
  3471 | D:3      | Reached skill level 5 in Stealth
  3796 | D:4      | Noticed a phantom
  3823 | D:4      | Found a staircase to the Ecumenical Temple.
  3823 | D:4      | You fall into a shaft and drop 3 floors!
  3823 | D:7      | Found a flagged portal.
  3835 | Bailey   | Entered a bailey
  3835 | Bailey   | Noticed a centaur
  3840 | Bailey   | Noticed a centaur
  3841 | Bailey   | Hit by a javelin thrown by a centaur

Illustrated notes

Levels and vault maps discovered:
D:1:      heliophobic_arrival_ceremonial_halls, layout_basic
D:2:      layout_basic, kennysheep_ying_yang
D:3:      layout_basic, hangedman_ru_absence, lemuel_round_altar
D:4:      layout_basic, kennysheep_mini, minmay_temple_entry_steel_oval,
          portal_sewer_entry_b, uniq_blork_the_orc
D:7:      layout_loops_ring, enter_bailey_2, grunt_gozag_breadcrumbs,
          uniq_harold
Bailey:   bailey_polearm_flooded_kennysheep, bailey

Skill      XL: |  1  2  3  4  5 |
---------------+----------------+-----
Stealth        | 1 2 3 4 5 |  5.1
Fighting       | 2 3 |  3.2
Short Blades   | 4 |  4.9
Throwing       | |  2.0
Dodging        | |  4.4

Action                   |  1- 3 |  4- 6 || total
-------------------------+-------+-------++-------
Melee: Rapier            |    86 |    24 ||   110
       Whip              |    33 |    82 ||   115
       Trident           |       |    24 ||    24
Throw: Dart              |       |    11 ||    11
  Use: Scroll            |       |     6 ||     6
 Stab: Sleeping          |     7 |     7 ||    14
Armor: Robe              |     7 |    10 ||    17
Dodge: Dodged            |   113 |    85 ||   198

Table legend: (Time is in decaauts)
 A = Elapsed time spent in this place.
 B = Non-inter-level travel time spent in this place.
 C = Inter-level travel time spent in this place.
 D = Time resting spent in this place.
 E = Time spent auto-exploring this place.
 F = Levels seen in this place.
 G = Mean time per level.
                   A        B        C        D        E       F      G
               +--------+--------+--------+--------+--------+-----+--------+
         Total |   3074 |   3016 |     58 |      0 |   2413 |   6 |  512.3 |
       Dungeon |   3069 |   3011 |     58 |      0 |   2413 |   5 |  613.8 |
        Bailey |      4 |      4 |      0 |      0 |      0 |   1 |    4.0 |
               +--------+--------+--------+--------+--------+-----+--------+

Top non-repeatable levels by time:
     D:2: 1405 daAuts
     D:3: 828 daAuts
     D:1: 768 daAuts
     D:4: 57 daAuts
     D:7: 8 daAuts
  Bailey: 4 daAuts
